 Dungeon Crawl Stone Soup version 0.15.2 (webtiles) character file.

8351 Heini the Basher (level 11, -10/98 (102) HPs)
             Began as a Minotaur Fighter on Mar 1, 2015.
             Was a High Priest of Okawaru.
             Killed by divine providence
             ... invoked by an orc priest
              (11 damage)
             ... on Level 11 of the Dungeon.
             The game lasted 00:32:11 (9398 turns).

Heini the Basher (Minotaur Fighter)                 Turns: 9398, Time: 00:32:12

HP -10/98 (102)  AC 23     Str 25      XL: 11   Next:  8%
MP   6/6         EV  6     Int  5      God: Okawaru [*****.]
Gold 938         SH -1     Dex  9      Spells:  0 memorised, 10 levels left

rFire  + . .     SeeInvis +     O - +2 flail (protect)
rCold  . . .     Clarity  +     s - +0 plate armour
rNeg   . . .     rCorr    .     D - -5 buckler "Piga" {+Blink MR++ SInv}
rPois  .         rRot     .     (helmet restricted)
rElec  .         Spirit   .     p - +2 cloak
SustAb .         Warding  .     (no gloves)
rMut   .         Stasis   .     (no boots)
Gourm  .                        N - amulet of clarity
MR     ++...                    t - ring of protection from fire
                                G - +1 ring of protection

@: lethally poisoned, heavily drained, very resistant to hostile enchantments,
extremely unstealthy
A: retaliatory headbutt, horns 2
a: Heroism, Finesse, Renounce Religion, Evoke Blink


You were on level 11 of the Dungeon.
You worshipped Okawaru.
Okawaru was extremely pleased with you.
You were hungry.

You visited 3 branches of the dungeon, and saw 14 of its levels.
You also visited: Sewer and Ossuary.

You collected 938 gold pieces.

Inventory:

Hand weapons
 O - a +2 flail of protection (weapon)
Armour
 c - a +0 shield
 p - a +2 cloak (worn)
 s - a +0 plate armour (worn)
 D - the cursed -5 buckler "Piga" (worn) {+Blink MR++ SInv}
   (You found it on level 6 of the Dungeon)

   It affects your resistance to hostile enchantments.
   It enhances your eyesight.
   It lets you blink.
   It has a curse placed upon it.
Magical devices
 a - a wand of draining (4)
 g - a wand of polymorph (13)
 h - a wand of paralysis (9)
 r - a wand of frost (10)
 F - a wand of disintegration (8)
 R - a wand of draining (5)
Comestibles
 d - 9 bread rations
 j - 3 slices of pizza
 v - 8 beef jerkies
 A - 4 meat rations
 J - a royal jelly
 K - 4 fruits
Scrolls
 f - 5 scrolls of teleportation
 i - 2 scrolls of remove curse
 B - 3 scrolls of amnesia
 H - 3 scrolls of magic mapping
 I - 3 scrolls of enchant armour
 P - a scroll of fear
Jewellery
 t - a ring of protection from fire (right hand)
 G - a +1 ring of protection (left hand)
 M - an uncursed ring of teleport control
 N - an amulet of clarity (around neck)
 S - an uncursed amulet of rage
Potions
 b - 3 potions of invisibility
 e - 2 potions of might
 k - a potion of magic {unknown}
 l - 3 potions of heal wounds
 m - 8 potions of curing
 n - 4 potions of flight
 o - 2 potions of confusion
 q - 3 potions of agility
 u - a potion of berserk rage {unknown}
 w - a potion of brilliance
 x - 3 potions of restore abilities
 z - 2 potions of resistance {unknown}
 C - a potion of mutation {unknown}
 E - a potion of haste
 L - a potion of beneficial mutation {unknown}
 Q - a potion of cancellation


   Skills:
 * Level 11.3(9.5) Fighting
 * Level 12.8(10.8) Maces & Flails
 * Level 11.8(9.9) Armour
 - Level 3.6(2.1) Shields
 + Level 1.4(0.0) Evocations


You had 10 spell levels left.
You didn't know any spells.

Dungeon Overview and Level Annotations

Branches:
Dungeon (11/15)            Temple (1/1) D:5             Orc (2/4) D:9
   Lair (0/8) D:10

Altars:
Ashenzari
Cheibriados
Dithmenos
Elyvilon
Fedhas
Kikubaaqudgha
Makhleb
Nemelex Xobeh
Okawaru
Qazlal
Sif Muna
Trog
Vehumet
Xom
Yredelemnul
Zin
The Shining One

Shops:
D:4 !   D:6 }

Annotations:
D:11 ImaNewbie's ghost, powerful DrVM
Orc:2 Badjas' ghost, powerful GrEE


Innate Abilities, Weirdness & Mutations

You reflexively headbutt those who attack you in melee.
You have a pair of horns on your head.


Message History

You completely miss ImaNewbie's ghost.
ImaNewbie's ghost is heavily damaged.
ImaNewbie's ghost breathes negative energy at you.
The blast of negative energy hits you!
You feel drained.
You feel sick.
ImaNewbie's ghost points at you and mumbles some strange words.
The bolt of poison hits you!
You are more poisoned.
* * * LOW HITPOINT WARNING * * *
* * * LOW HITPOINT WARNING * * *
You feel sick.
You feel sick.
* * * LOW HITPOINT WARNING * * *
You feel sick.
ImaNewbie's ghost breathes negative energy at you.
The blast of negative energy hits you!
You feel drained.
* * * LOW HITPOINT WARNING * * *
The orc priest invokes the aid of Beogh against you.
Something smites you!
You die...

##########
#........#
#........#
#........+
#.<......#
#........#
######'### #@# #.#
##.# #.W# . #o##
o.. ####o##### ....
#>..YY...# .....
#...Yo...###......#
#........#.'....Y.#


You could see a yak, an ice beast, an orc priest, an orc wizard (invisible) and
ImaNewbie's ghost.

Vanquished Creatures
  Erolcha (D:9)
  A hill giant (D:10)
  A gargoyle (D:10)
  Grinder (D:6)
  A two-headed ogre (D:10)
  A basilisk (D:10)
  A wyvern (D:10)
  Grum (D:9)
  2 yaks (D:11)
  A hungry ghost (D:7)
  2 hippogriffs
  3 wolves (D:9)
  Edmund (D:7)
  Menkaure (D:5)
  An ice beast (D:9)
  A necrophage (D:6)
  4 orc warriors
  2 sky beasts
  2 water moccasins
  5 phantoms
  6 ogres
  4 boring beetles (D:10)
  4 centaurs
  A manticore skeleton (D:10)
  2 big kobolds
  3 giant frogs
  3 scorpions
  3 killer bees (D:7)
  4 wights (D:6)
  2 hounds
  3 goliath beetles
  A lava snake (D:10)
  A gnoll shaman (D:9)
  4 orc priests
  4 crimson imps
  2 jellies (D:8)
  4 orc wizards
  An iguana (D:8)
  5 worker ants
  A crocodile zombie (D:10)
  Ijyb (D:4)
  A killer bee zombie (D:8)
  A big kobold zombie (D:8)
  An ogre skeleton (D:5)
  Terence (D:2)
  13 gnolls
  8 mummies (Ossuary)
  11 adders
  3 green rats (Sewer)
  4 giant mites
  A shadow imp (D:10)
  6 worms
  An adder zombie (D:6)
  An iguana zombie (D:4)
  3 adder skeletons (D:5)
  5 giant geckos
  An ooze (D:6)
  43 orcs
  10 bats
  15 hobgoblins
  9 jackals
  19 kobolds
  3 quokkas
  A giant cockroach (D:5)
  3 giant newts
  A giant spore (D:9)
  2 gnoll zombies (Ossuary)
  15 goblins
  A goblin zombie (D:5)
  2 hobgoblin skeletons
  A hobgoblin zombie (Ossuary)
  A kobold zombie (Ossuary)
  3 orc skeletons
  6 orc zombies
  A quokka skeleton (D:7)
  17 rats
  10 ballistomycetes
316 creatures vanquished.

Vanquished Creatures (others)
  Psyche (D:10)
  A cyclops skeleton (D:10)
  An orc (Orc:2)
  A giant spore (D:6)
4 creatures vanquished.

Grand Total: 320 creatures vanquished

Notes
Turn   | Place    | Note
--------------------------------------------------------------
     0 | D:1      | Heini, the Minotaur Fighter, began the quest for the Orb.
     0 | D:1      | Reached XP level 1. HP: 19/19 MP: 1/1
    91 | D:1      | Reached skill level 4 in Fighting
   176 | D:1      | Reached XP level 2. HP: 25/27 MP: 1/1
   979 | D:2      | Noticed Terence
   985 | D:2      | Killed Terence
   985 | D:2      | Reached XP level 3. HP: 34/34 MP: 2/2
  1580 | D:3      | Reached XP level 4. HP: 41/41 MP: 2/2
  1761 | D:3      | Reached skill level 5 in Fighting
  1859 | D:3      | Reached skill level 5 in Armour
  1968 | D:3      | Reached XP level 5. HP: 29/48 MP: 2/2
  2146 | D:4      | Noticed Ijyb
  2160 | D:4      | Killed Ijyb
  2251 | D:4      | Reached XP level 6. HP: 53/56 MP: 3/3
  2463 | D:4      | Found Shraoshrim's Distillery.
  2587 | D:4      | Noticed an ogre
  2596 | D:4      | Killed an ogre
  2596 | D:4      | Reached skill level 5 in Maces & Flails
  2596 | D:4      | Reached skill level 6 in Armour
  2618 | D:4      | Noticed a centaur
  2736 | D:4      | Killed a centaur
  3097 | D:5      | Entered Level 5 of the Dungeon
  3140 | D:5      | Reached XP level 7. HP: 63/63 MP: 3/3
  3150 | D:5      | Found a staircase to the Ecumenical Temple.
  3155 | Temple   | Entered the Ecumenical Temple
  3167 | Temple   | Became a worshipper of Warmaster Okawaru
  3259 | D:5      | Found a sand-covered staircase.
  3270 | Ossuary  | Entered an ossuary
  3335 | Ossuary  | Reached skill level 7 in Armour
  3511 | D:5      | Noticed Menkaure
  3521 | D:5      | Killed Menkaure
  3574 | D:5      | Noticed a moth of wrath
  3577 | D:5      | Found a bloodstained altar of Trog.
  3867 | D:5      | Found a white marble altar of Elyvilon.
  3921 | D:5      | Reached XP level 8. HP: 71/71 MP: 3/3
  4092 | D:5      | Acquired Okawaru's first power
  4348 | D:6      | Found a glowing drain.
  4353 | Sewer    | Entered a sewer
  4483 | Sewer    | Reached skill level 8 in Armour
  4537 | Sewer    | Found a white marble altar of Elyvilon.
  4771 | D:6      | Got an ancient buckler
  4782 | D:6      | Identified the cursed -5 buckler "Piga" {+Blink MR++ SInv} (You found it on level 6 of the Dungeon)
  4981 | D:6      | Reached skill level 9 in Maces & Flails
  4988 | D:6      | Reached XP level 9. HP: 50/78 MP: 4/4
  5081 | D:6      | Noticed Grinder
  5097 | D:6      | Killed Grinder
  5245 | D:6      | Found a basalt altar of Yredelemnul.
  5467 | D:6      | Found Giocog's Gadget Shop.
  5951 | D:7      | Found a deep blue altar of Sif Muna.
  6134 | D:7      | Reached skill level 10 in Maces & Flails
  6266 | D:7      | Noticed Edmund
  6275 | D:7      | Killed Edmund
  6479 | D:8      | Reached skill level 10 in Armour
  6480 | D:8      | Found a glowing silver altar of Zin.
  6762 | D:8      | Found a shattered altar of Ashenzari.
  7069 | D:9      | Noticed Erolcha
  7089 | D:9      | Killed Erolcha
  7089 | D:9      | Reached skill level 11 in Maces & Flails
  7089 | D:9      | Reached XP level 10. HP: 67/88 MP: 5/5
  7401 | D:9      | Reached skill level 10 in Fighting
  7408 | D:9      | Reached skill level 1 in Evocations
  7419 | D:9      | Found a staircase to the Orcish Mines.
  7540 | D:9      | Found a blossoming altar of Fedhas.
  7636 | D:9      | Noticed a hill giant
  7659 | D:9      | Noticed Grum
  7680 | D:9      | Killed Grum
  8042 | Orc:1    | Entered Level 1 of the Orcish Mines
  8143 | Orc:2    | Noticed Badjas' ghost (powerful GrEE)
  8248 | D:10     | Entered Level 10 of the Dungeon
  8270 | D:10     | Noticed a hill giant
  8280 | D:10     | Acquired Okawaru's second power
  8297 | D:10     | Killed a hill giant
  8309 | D:10     | Reached skill level 12 in Maces & Flails
  8661 | D:10     | Found a staircase to the Lair.
  8678 | D:10     | Noticed Psyche
  8685 | D:10     | Killed Psyche
  8749 | D:10     | Reached XP level 11. HP: 74/98 MP: 6/6
  9375 | D:11     | Noticed ImaNewbie's ghost (powerful DrVM)
  9398 | D:11     | HP: 1/98 [ImaNewbie's ghost/blast of negative energy (14)]
  9398 | D:11     | Killed from afar by an orc priest

Action                   |  1- 3 |  4- 6 |  7- 9 | 10-12 || total
-------------------------+-------+-------+-------+-------++-------
Melee: Flail             |   121 |   198 |   433 |   334 ||  1086
 Abil: Evoke Blink       |       |       |       |     5 ||     5
Evoke: Wand              |       |       |     2 |     5 ||     7
  Use: Scroll            |     6 |     6 |    11 |     5 ||    28
       Potion            |       |       |     2 |       ||     2
 Stab: Invisible         |       |       |       |     3 ||     3
       Confused          |       |       |       |     1 ||     1
  Eat: Chunk             |     2 |     6 |     8 |     8 ||    24
       Bread ration      |       |       |     1 |       ||     1
